 Dungeon Crawl Stone Soup version 0.23-a0-296-ga3b1b28 (webtiles) character file.

5295 mhoghedin the Fighter (level 10, -6/64 HPs)
             Began as a Kobold Artificer on Oct 5, 2018.
             Was an Elder of Okawaru.
             Mangled by an eight-headed hydra (8 damage)
             ... on level 1 of the Lair of Beasts.
             The game lasted 00:21:16 (11140 turns).

mhoghedin the Fighter (Kobold Artificer)           Turns: 11140, Time: 00:21:17

Health: -6/64      AC: 12    Str: 12    XL:     10   Next: 94%
Magic:  13/13      EV: 16    Int: 14    God:    Okawaru [****..]
Gold:   362        SH:  0    Dex: 21    Spells: 9/9 levels left

rFire    x . .     SeeInvis .   y - +2 falchion (distort) {!w}
rCold    + . .     Gourm    .   (shield restricted)
rNeg     . . .     Faith    .   E - +4 scale mail of Jelaned {Dex+6}
rPois    .         Spirit   .   r - +0 helmet
rElec    .         Reflect  .   (no cloak)
rCorr    .         Harm     .   (no gloves)
MR       .....                  h - +0 pair of boots
Stlth    ++........             (no amulet)
HPRegen  0.20/turn              v - ring of ice {rC+, rF-}
MPRegen  0.13/turn              (no ring)

@: no status effects
A: small, carnivore
a: Heroism, Renounce Religion


You were on level 1 of the Lair of Beasts.
You worshipped Okawaru.
Okawaru was greatly pleased with you.
You were completely stuffed.

You visited 2 branches of the dungeon, and saw 9 of its levels.
You also visited: Sewer.

You collected 560 gold pieces.
You spent 198 gold pieces at shops.

Inventory:

Hand Weapons
 y - a +2 falchion of distortion (weapon) {!w}
   (You found it on level 5 of the Dungeon)
Missiles
 x - 3 tomahawks of returning (quivered)
Armour
 h - a +0 pair of boots (worn)
   (You found it on level 3 of the Dungeon)
 r - a +0 helmet (worn)
   (You found it on level 3 of the Dungeon)
 E - the +4 scale mail of Jelaned (worn) {Dex+6}
   (You bought it in a shop on level 8 of the Dungeon)

   It affects your dexterity (+6).
Jewellery
 o - an uncursed ring of flight {+Fly, !d}
   (You found it on level 1 of the Lair of Beasts)
 v - a ring of ice (left hand) {rC+, rF-}
   (You found it on level 7 of the Dungeon)
Wands
 b - a wand of clouds (7)
   (You found it on level 7 of the Dungeon)
 d - a wand of enslavement (5)
 e - a wand of random effects (30)
 C - a wand of disintegration (13)
   (You took it off a kobold on level 8 of the Dungeon)
Scrolls
 c - a scroll of enchant armour
 l - 3 scrolls of magic mapping {!r}
 p - a scroll of fog
 q - 6 scrolls of teleportation
 z - a scroll of enchant weapon
 B - a scroll of remove curse
 D - a scroll of identify
Potions
 a - a potion of flight
 g - 3 potions of brilliance
 i - 5 potions of curing
 j - 2 potions of degeneration {!q}
 k - a potion of heal wounds
 m - 4 potions of might
 n - 2 potions of agility
 s - 2 potions of magic
 t - a potion of resistance {unknown}
 u - 2 potions of berserk rage {!q}
 w - 3 potions of lignification {unknown}
 A - a potion of mutation {unknown}
Comestibles
 f - 17 rations


   Skills:
 + Level 8.2 Fighting
   Level 6.0(7.7) Short Blades
 + Level 4.7(5.3) Long Blades
 - Level 6.4 Throwing
 - Level 2.2 Armour
 - Level 7.9 Dodging
 - Level 6.4 Stealth
 + Level 4.5 Invocations
 - Level 4.2 Evocations


You had 9 spell levels left.
You didn't know any spells.
Your spell library contained the following spells:

 Spells                   Type           Power        Failure   Level  Hunger
 Beastly Appendage        Tmut           #.....       83%         1    ##.....
 Magic Dart               Conj           #...         83%         1    ##.....
 Searing Ray              Conj           #.....       92%         2    ###....
 Sticks to Snakes         Tmut           #.......     92%         2    ###....
 Dazzling Spray           Conj/Hex       #.....       99%         3    ####...
 Spider Form              Tmut/Pois      #.........   99%         3    ####...
 Force Lance              Conj/Tloc      #.......     100%        4    #####..
 Fulminant Prism          Conj/Hex       #.........   100%        4    #####..
 Ice Form                 Ice/Tmut       #.......     100%        4    #####..
 Iskenderun's Mystic Bla  Conj           #.......     100%        4    #####..
 Blade Hands              Tmut           #.........   100%        5    ######.


Dungeon Overview and Level Annotations

Branches:
Dungeon (8/15)             Temple (0/1) D:7            Lair (1/6) D:8

Altars:
Nemelex Xobeh
Okawaru
Ru
Yredelemnul

Shops:
D:8 =[


Innate Abilities, Weirdness & Mutations

You are small and have problems with some larger weapons.
You are carnivorous and can eat meat at any time.


Message History

You riposte.
You hit the spiny frog.
You kill the spiny frog!
Okawaru is honoured by your kill.
No target in view!
You now have 362 gold pieces (gained 13).
An eight-headed hydra comes into view.
An eight-headed hydra is nearby!
Throwing (i - inventory)
x - 4 tomahawks of returning (quivered)
Aim: an eight-headed hydra (resting)
You throw a tomahawk of returning.
The tomahawk of returning hits the eight-headed hydra.
The eight-headed hydra roars!
The tomahawk of returning returns to your pack!
Throwing (i - inventory)
x - 4 tomahawks of returning (quivered)
Aim: an eight-headed hydra (lightly wounded)
You throw a tomahawk of returning.
The tomahawk of returning hits the eight-headed hydra!
The tomahawk of returning returns to your pack!
Throwing (i - inventory)
x - 4 tomahawks of returning (quivered)
Aim: an eight-headed hydra (moderately wounded)
You throw a tomahawk of returning.
The tomahawk of returning hits the eight-headed hydra but does no damage.
The tomahawk of returning returns to your pack!
Throwing (i - inventory)
x - 4 tomahawks of returning (quivered)
Aim: an eight-headed hydra (moderately wounded)
You throw a tomahawk of returning.
The tomahawk of returning hits the eight-headed hydra!
The tomahawk of returning fails to return to your pack!
Throwing (i - inventory)
x - 3 tomahawks of returning (quivered)
Aim: an eight-headed hydra (moderately wounded)
You throw a tomahawk of returning.
The tomahawk of returning hits the eight-headed hydra!
The tomahawk of returning returns to your pack!
Throwing (i - inventory)
x - 3 tomahawks of returning (quivered)
Aim: an eight-headed hydra (heavily wounded)
You throw a tomahawk of returning.
The tomahawk of returning hits the eight-headed hydra!
The tomahawk of returning returns to your pack!
The eight-headed hydra closely misses you.
The eight-headed hydra bites you. x3
The eight-headed hydra bites you but does no damage.
The eight-headed hydra closely misses you.
The eight-headed hydra bites you.
The eight-headed hydra closely misses you.
You take 20 damage, and have 44/64 hp.
MASSIVE DAMAGE!!
Throwing (i - inventory)
x - 3 tomahawks of returning (quivered)
Aim: an eight-headed hydra (heavily wounded)
You throw a tomahawk of returning.
The tomahawk of returning barely misses the eight-headed hydra.
The tomahawk of returning returns to your pack!
The eight-headed hydra misses you.
The eight-headed hydra bites you but does no damage.
The eight-headed hydra bites you.
The eight-headed hydra barely misses you.
The eight-headed hydra bites you.
The eight-headed hydra bites you but does no damage. x2
The eight-headed hydra bites you.
You take 10 damage, and have 34/64 hp.
Unknown command.
Throwing (i - inventory)
x - 3 tomahawks of returning (quivered)
Aim: an eight-headed hydra (heavily wounded)
You throw a tomahawk of returning.
The tomahawk of returning hits the eight-headed hydra!
The tomahawk of returning returns to your pack!
The eight-headed hydra barely misses you. x2
The eight-headed hydra misses you.
The eight-headed hydra bites you but does no damage. x2
The eight-headed hydra bites you.
The eight-headed hydra bites you but does no damage.
The eight-headed hydra bites you.
You take 5 damage, and have 29/64 hp.
Throwing (i - inventory)
x - 3 tomahawks of returning (quivered)
Aim: an eight-headed hydra (severely wounded)
You throw a tomahawk of returning.
The tomahawk of returning hits the eight-headed hydra!
The tomahawk of returning returns to your pack!
The eight-headed hydra misses you. The eight-headed hydra bites you!
* * * LOW HITPOINT WARNING * * *
The eight-headed hydra bites you.
* * * LOW HITPOINT WARNING * * *
The eight-headed hydra barely misses you.
The eight-headed hydra bites you but does no damage. x3
The eight-headed hydra bites you.
* * * LOW HITPOINT WARNING * * *
You take 19 damage, and have 10/64 hp.
MASSIVE DAMAGE!!
Throwing (i - inventory)
x - 3 tomahawks of returning (quivered)
Aim: an eight-headed hydra (almost dead)
You throw a tomahawk of returning.
The tomahawk of returning hits the eight-headed hydra!
The tomahawk of returning returns to your pack!
The eight-headed hydra bites you but does no damage.
The eight-headed hydra bites you!
* * * LOW HITPOINT WARNING * * *
The eight-headed hydra completely misses you.
The eight-headed hydra barely misses you.
The eight-headed hydra closely misses you.
The eight-headed hydra bites you!
You die...

#.....♣≈≈♣...##.....##P.##
##......≈≈♣..P#####...####
#......P......# ##..#
#....##....P## #..#
#....##.P...# #..#
#.....###..♣.## #..#
#....)## ####..# #..#
.....# ##..## ...# ##..#
#D@## ........# ##...##..
..... .... .... ..... ..
..(.?.. . ........
..........


You could see an eight-headed hydra.

Vanquished Creatures
  Pikel (D:7)
  A spiny frog (Lair:1)
  A komodo dragon (Lair:1)
  A hippogriff (D:8)
  Sigmund (D:3)
  A wyvern (Lair:1)
  A hungry ghost (D:7)
  4 water moccasins
  Duvessa (D:7)
  An ice beast (D:8)
  3 sky beasts
  A slave (D:7)
  A crocodile (Lair:1)
  2 big kobolds
  4 bullfrogs
  A wyvern zombie (D:8)
  Dowan (D:7)
  A scorpion (D:4)
  A wyvern skeleton (D:8)
  2 killer bees (D:8)
  A water moccasin skeleton (D:4)
  8 wights
  A howler monkey (D:6)
  A bullfrog zombie (D:7)
  4 crimson imps
  An orc priest (D:4)
  3 centaur skeletons
  3 hounds
  A bullfrog skeleton (D:7)
  4 orc wizards
  8 worker ants
  A worker ant zombie (D:6)
  16 adders
  3 gnolls (D:4)
  A shadow imp (D:8)
  2 oozes
  An adder zombie (D:5)
  An adder skeleton (D:4)
  8 worms
  3 dart slugs
  20 orcs
  4 ball pythons
  5 bats
  6 giant cockroaches
  12 goblins
  10 hobgoblins
  3 jackals
  18 kobolds
  2 quokkas
  4 frilled lizards
  A jackal skeleton (D:6)
  16 rats
  A spectral orc (D:2)
203 creatures vanquished.

Vanquished Creatures (collateral kills)
  A worm (D:2)
  A leopard gecko (D:2)
  A hobgoblin (D:1)
  2 jackals (D:2)
  A kobold (D:1)
6 creatures vanquished.

Vanquished Creatures (others)
  A spriggan (D:7)
  A water moccasin (Lair:1)
  2 slaves (D:7)
  An orc warrior (D:6)
  A necrophage (D:8)
  A black bear (Lair:1)
  A centaur (D:8)
  3 bullfrogs
  A howler monkey (D:5)
  A hound (D:7)
  Robin (D:3)
  An adder (D:7)
  A leopard gecko (D:1)
  2 orcs
  A quokka (D:7)
  2 plants
21 creatures vanquished.

Grand Total: 230 creatures vanquished

Notes
Turn   | Place    | Note
-------+----------+-------------------------------------------
     0 | D:1      | mhoghedin the Kobold Artificer began the quest for the Orb.
     0 | D:1      | Reached XP level 1. HP: 12/12 MP: 3/3
   154 | D:1      | HP: 3/12 [hobgoblin (1)]
   162 | D:1      | Reached XP level 2. HP: 3/16 MP: 4/4
   629 | D:1      | Reached skill level 2 in Stealth
   707 | D:1      | Reached skill level 2 in Short Blades
   853 | D:1      | Reached XP level 3. HP: 10/21 MP: 5/5
  1134 | D:2      | Reached skill level 2 in Fighting
  1398 | D:2      | Found an iron altar of Okawaru.
  1447 | D:2      | Became a worshipper of Warmaster Okawaru
  1533 | D:2      | HP: 5/21 [poisoned by an adder]
  1535 | D:2      | Reached XP level 4. HP: 13/26 MP: 6/6
  2225 | D:2      | Found a basalt altar of Yredelemnul.
  2299 | D:2      | Reached skill level 3 in Stealth
  2548 | D:3      | Found a glowing drain.
  2550 | D:3      | Reached skill level 3 in Short Blades
  2562 | Sewer    | Entered a sewer
  2611 | Sewer    | Reached XP level 5. HP: 18/31 MP: 7/7
  2611 | Sewer    | HP: 7/31 [cloud of steam (11)]
  2616 | Sewer    | HP: 5/31 [poisoned by an adder]
  2624 | Sewer    | HP: 4/31 [poisoned by an adder]
  3182 | Sewer    | Reached skill level 3 in Fighting
  3473 | Sewer    | Noticed a big kobold
  3480 | Sewer    | Killed a big kobold
  3480 | Sewer    | Reached * piety under Okawaru
  3480 | Sewer    | Reached skill level 4 in Short Blades
  3480 | Sewer    | Reached skill level 4 in Stealth
  3480 | Sewer    | Reached XP level 6. HP: 37/37 MP: 8/8
  3910 | D:3      | Found a sparkling altar of Nemelex Xobeh.
  3910 | D:3      | Noticed Sigmund
  3914 | D:3      | Killed Sigmund
  3914 | D:3      | Reached skill level 4 in Fighting
  3914 | D:3      | Reached skill level 5 in Short Blades
  3914 | D:3      | Reached skill level 5 in Stealth
  3914 | D:3      | Reached XP level 7. HP: 43/43 MP: 6/9
  4039 | D:3      | Noticed Robin
  4065 | D:3      | Your ally died
  4473 | D:4      | Reached skill level 4 in Evocations
  4729 | D:4      | Reached skill level 1 in Invocations
  5221 | D:4      | Reached skill level 3 in Dodging
  5520 | D:4      | Reached skill level 6 in Stealth
  5783 | D:4      | HP: 8/44 [orc/trident (4)]
  5792 | D:4      | HP: 8/44 [orc priest/divine providence (9)]
  5801 | D:4      | Reached XP level 8. HP: 13/48 MP: 11/11
  6292 | D:4      | You fall through a shaft for 2 floors!
  6323 | D:6      | Reached skill level 5 in Fighting
  6323 | D:6      | Reached skill level 6 in Short Blades
  6351 | D:5      | Entered Level 5 of the Dungeon
  6779 | D:5      | Reached skill level 1 in Throwing
  7126 | D:5      | Reached ** piety under Okawaru
  7126 | D:5      | Reached skill level 2 in Throwing
  7126 | D:5      | Reached skill level 4 in Dodging
  7206 | D:5      | Reached skill level 1 in Long Blades
  7636 | D:6      | Reached skill level 3 in Throwing
  7859 | D:6      | Reached skill level 5 in Dodging
  7972 | D:6      | Reached skill level 2 in Long Blades
  8018 | D:6      | Reached XP level 9. HP: 52/55 MP: 12/12
  8280 | D:7      | Found a sacrificial altar of Ru.
  8329 | D:7      | Noticed Pikel
  8355 | D:7      | Killed Pikel
  8355 | D:7      | Reached skill level 6 in Fighting
  8355 | D:7      | Reached skill level 4 in Throwing
  8359 | D:7      | Reached skill level 6 in Dodging
  8390 | D:7      | Reached skill level 3 in Long Blades
  8519 | D:7      | Found a staircase to the Ecumenical Temple.
  8740 | D:7      | Noticed Duvessa
  8744 | D:7      | Noticed Dowan
  8748 | D:7      | Killed Duvessa
  8995 | D:7      | Killed Dowan
  9119 | D:7      | Reached *** piety under Okawaru
  9119 | D:7      | Reached skill level 7 in Fighting
  9234 | D:7      | Reached skill level 5 in Throwing
  9240 | D:7      | Reached skill level 2 in Invocations
  9356 | D:7      | Reached XP level 10. HP: 61/63 MP: 13/13
  9553 | D:8      | Found Asumaqi's Antique Armour Boutique.
  9569 | D:8      | Reached skill level 7 in Dodging
  9598 | D:8      | Bought a polished scale mail for 198 gold pieces
  9608 | D:8      | Identified the +4 scale mail of Jelaned {Dex+6} (You bought
                  | it in a shop on level 8 of the Dungeon)
  9666 | D:8      | Reached skill level 3 in Invocations
  9697 | D:8      | Reached skill level 4 in Long Blades
  9761 | D:8      | Found Zaolyk's Jewellery Shoppe.
  9773 | D:8      | Reached skill level 1 in Armour
  9831 | D:8      | Found a staircase to the Lair.
 10246 | D:8      | Reached **** piety under Okawaru
 10383 | D:8      | Reached skill level 6 in Throwing
 10693 | Lair:1   | Entered Level 1 of the Lair of Beasts
 10702 | Lair:1   | Reached skill level 4 in Invocations
 10792 | Lair:1   | Noticed a komodo dragon
 10805 | Lair:1   | HP: 10/64 [komodo dragon (11)]
 10807 | Lair:1   | Killed a komodo dragon
 10807 | Lair:1   | Reached skill level 8 in Fighting
 10807 | Lair:1   | Reached skill level 2 in Armour
 11025 | Lair:1   | Noticed a spiny frog
 11055 | Lair:1   | Killed a spiny frog
 11130 | Lair:1   | Noticed an eight-headed hydra
 11139 | Lair:1   | HP: 15/64 [eight-headed hydra (2)]
 11140 | Lair:1   | HP: 2/64 [eight-headed hydra (8)]
 11140 | Lair:1   | Mangled by an eight-headed hydra

Vault maps used:
D:1:      nicolae_arrival_somewhat_less_tricky_arrival
D:2:      overflow_temple_1_default, yredelemnul_forgotten_temple_becter,
          first_ration
D:3:      lemuel_round_altar, portal_sewer_entry_d, uniq_sigmund, uniq_robin
D:7:      nicolae_ru_sacrificial_ziggurat, minmay_temple_entry_hall, the_bakery,
          serial_park_tiny_2, kennysheep_generic_room_12, uniq_duvessa,
          uniq_pikel
D:8:      dpeg_oklobed_lair, serial_shops, nicolae_shop_crystal,
          nicolae_shop_crystal
Lair:1:   serial_bayou_pond_a, cheibrodos_lair_reptile_den
Sewer:    sewer_co_15_rooms

Skill      XL: |  1  2  3  4  5  6  7  8  9 10 |
---------------+-------------------------------+-----
Stealth        | 2 3 4 5 6 |  6.4
Short Blades   | 2 3 4 5 6 |  6.0
Fighting       | 2 3 4 5 7 8 |  8.2
Evocations     | 4 |  4.2
Invocations    | 1 2 4 |  4.5
Dodging        | 3 5 6 7 |  7.9
Throwing       | 3 5 6 |  6.4
Long Blades    | 2 3 4 |  4.7
Armour         | 2 |  2.2

Action                   |  1- 3 |  4- 6 |  7- 9 | 10-12 || total
-------------------------+-------+-------+-------+-------++-------
Melee: Short sword       |   141 |   170 |   262 |       ||   573
       Falchion          |       |       |   156 |   174 ||   330
       Punch             |       |       |     1 |       ||     1
Throw: Tomahawk          |       |       |     4 |    17 ||    21
Invok: Heroism           |       |     1 |    11 |     6 ||    18
Evoke: Wand              |    12 |    14 |     9 |       ||    35
  Use: Scroll            |     2 |     8 |     9 |     4 ||    23
       Potion            |     1 |     3 |     2 |     1 ||     7
 Stab: Sleeping          |     3 |     5 |    10 |     3 ||    21
       Distracted        |       |       |       |     1 ||     1
  Eat: Chunk             |    10 |     1 |    19 |    13 ||    43
       Ration            |       |       |     1 |     1 ||     2
Armor: Leather armour    |    43 |    15 |    57 |       ||   115
       Scale mail        |       |       |       |    59 ||    59
Dodge: Dodged            |   129 |    79 |   281 |   183 ||   672
       Rpst.: Falchion   |       |       |    28 |    41 ||    69

Table legend:
 A = Non-vault XP
 B = Vault XP
 C = Vault XP percentage of total XP
 D = Non-vault monster count
 E = Vault monster count
 F = Vault count percentage of total count
                 A         B        C        D         E       F
            +---------+---------+-------+---------+---------+-------
      Total |    5691 |    1874 |  24.8 |     176 |      44 |  20.0
            +---------+---------+-------+---------+---------+-------
        D:1 |      38 |       0 |   0.0 |      21 |       0 |   0.0
        D:2 |      50 |       1 |   2.0 |      23 |       1 |   4.2
        D:3 |      54 |     268 |  83.2 |      19 |      12 |  38.7
        D:4 |     536 |       0 |   0.0 |      33 |       0 |   0.0
        D:5 |     317 |       0 |   0.0 |       8 |       0 |   0.0
        D:6 |     543 |       0 |   0.0 |      14 |       0 |   0.0
        D:7 |    1227 |     952 |  43.7 |      19 |       4 |  17.4
        D:8 |    1721 |       0 |   0.0 |      34 |       0 |   0.0
     Lair:1 |    1205 |     473 |  28.2 |       5 |       7 |  58.3
      Sewer |       0 |     180 | 100.0 |       0 |      20 | 100.0
            +---------+---------+-------+---------+---------+-------

Vault maps used:
D:1:      nicolae_arrival_somewhat_less_tricky_arrival
D:2:      overflow_temple_1_default, yredelemnul_forgotten_temple_becter,
          first_ration
D:3:      lemuel_round_altar, portal_sewer_entry_d, uniq_sigmund, uniq_robin
D:7:      nicolae_ru_sacrificial_ziggurat, minmay_temple_entry_hall, the_bakery,
          serial_park_tiny_2, kennysheep_generic_room_12, uniq_duvessa,
          uniq_pikel
D:8:      dpeg_oklobed_lair, serial_shops, nicolae_shop_crystal,
          nicolae_shop_crystal
Lair:1:   serial_bayou_pond_a, cheibrodos_lair_reptile_den
Sewer:    sewer_co_15_rooms

Table legend:
 A = Turns spent in this place as a percentage of turns spent in the entire game.
 B = Non-inter-level travel turns spent in this place as a percentage of non-inter-level travel turns spent in the entire game.
 C = Inter-level travel turns spent in this place as a percentage of turns spent in this place.
 D = Turns resting spent in this place as a percentage of non-inter-level travel turns spent in this place.
 E = Turns spent auto-exploring this place as a percentage of non-inter-level travel turns spent in this place.
 F = Non-inter-level travel turns spent in this place divided by the number of levels of this place that you've seen.
                   A       B       C       D       E      F
               +-------+-------+-------+-------+-------+----------------------
         Total | 100.0 | 100.0 |   2.3 |  43.3 |  34.0 | 1088.3
       Dungeon |  87.4 |  87.1 |   2.6 |  41.5 |  36.2 | 1185.0
          Lair |   4.0 |   4.1 |   0.0 |  34.5 |  36.0 | 447.0
         Sewer |   8.6 |   8.8 |   0.0 |  65.3 |  11.2 | 956.0
               +-------+-------+-------+-------+-------+----------------------

Table legend:
 A = Kills in this place as a percentage of kills in entire the game.
 B = Kills by you in this place as a percentage of kills by you in the entire game.
 C = Kills by friends in this place as a percentage of kills by friends in the entire game.
 D = Other kills in this place as a percentage of other kills in the entire game.
 E = Experience gained in this place as a percentage of experience gained in the entire game.
 F = Experience gained in this place divided by the number of levels of this place that you have seen.
                   A       B       C       D       E      F
               +-------+-------+-------+-------+-------+----------------------
         Total | 100.0 | 100.0 | 100.0 | 100.0 | 100.0 | 756.5
       Dungeon |  85.5 |  85.1 | 100.0 |  83.3 |  75.4 | 713.4
          Lair |   5.5 |   5.0 |   0.0 |  16.7 |  22.2 | 1678.0
         Sewer |   9.1 |   9.9 |   0.0 |   0.0 |   2.4 | 180.0
               +-------+-------+-------+-------+-------+----------------------
